AoeStats
← Gjallarhorn

Arabia

504183644Analyzed
1v1 RM · 27d ago on Sep 4, 2026· 13m 7s· 2 players
Game mode
Random Map
Map size
Tiny (2 player)
Population
200
Speed
Normal
Resources
Standard
Victory
Conquest
Starting age
Dark Age
Ending age
Imperial Age
RankedLock teamsTeams togetherTeam positionsShared explorationLock speedFull tech treeHidden civsTurbo modeCheats
Victory
Defeat
🇩🇪 Japanese · Germany
690
+16
🇨🇦 Japanese · Canada
693
-32
Gjallarhorn
7:11 Loom
9:53 Feudal Age
10:16 Man-at-Arms
10:54 Double-Bit Axe
10:51 Horse Collar
pokepebble10
7:22 Loom
10:41 Feudal Age
11:20 Double-Bit Axe
11:16 Horse Collar
Connection lost

Rejoining the realm…

Still unreachable

The connection could not be restored.

Session expired

The server has moved on; the page needs a fresh start.